Map: Симулякр РВ

Players

MindelVK - Winner!

  • Race: Protoss Protoss
  • League: Master
  • Spawn Location: 5:00

GEEEEEEEEETH

  • Race: Zerg Zerg
  • League: Master
  • Spawn Location: 11:00

VOD

Have the link to the VOD?

Description

Time

  • Played on: March 10, 2020, 8:58 a.m.
  • Length: 5:47
Show
View Real Time Build Order
Export as new Build Order

MindelVK Protoss - Winner!

Build Orders: 1 Gate Expand 

Get SALT Encoding   

  12  0:01  Probe  
  13  0:13  Probe  
  14  0:17  Pylon  
  14  0:25  Probe (Chrono Boost)  
  15  0:37  Probe (Chrono Boost)  
  15  0:39  Gateway  
  16  0:44  Probe (Chrono Boost)  
  16  0:47  Assimilator  
  17  0:52  Probe  
  18  1:04  Probe  
  19  1:16  Probe  
  20  1:25  Nexus  
  20  1:35  Cybernetics Core  
  20  1:38  Probe  
  21  1:45  Assimilator  
  21  1:50  Probe  
  22  1:54  Pylon  
  22  2:02  Probe (Chrono Boost)  
  23  2:09  Stalker (Chrono Boost)  
  23  2:12  Warp Gate  
  23  2:14  Probe (Chrono Boost)  
  26  2:19  Probe (Chrono Boost)  
  27  2:27  Twilight Council  
  28  2:30  Probe (Chrono Boost)  
  28  2:34  Adept  
  30  2:38  Probe (Chrono Boost)  
  32  2:46  Probe x2 (Chrono Boost)  
  33  2:52  Probe  
  33  2:53  Probe  
  33  2:57  Robotics Facility  
  35  3:04  Probe  
  35  3:05  Probe  
  37  3:09  Charge (Chrono Boost)  
  37  3:18  Gateway  
  37  3:24  Gateway  
  37  3:25  Gateway  
  37  3:33  Gateway  
  37  3:36  Gateway  
  37  3:41  Gateway  
  37  3:45  Warp Prism (Chrono Boost)  
  37  3:55  Gateway  
  39  4:00  Pylon  
  39  4:03  Pylon  
  39  4:05  Zealot  
  41  4:17  Pylon  
  41  4:26  Zealot x4  
  41  4:27  Zealot  
  51  4:45  Zealot x2  
  55  4:46  Zealot x4  
  55  4:49  Zealot  
  65  5:13  Zealot x2  
  67  5:18  Pylon x2  
  67  5:19  Zealot x3  
  69  5:28  Zealot x3  
  61  5:38  Zealot x2  
  61  5:42  Zealot x3  
Show
View Real Time Build Order
Export as new Build Order

GEEEEEEEEETH Zerg 

Build Orders: Hatch First 

Get SALT Encoding   

  12  0:00  Drone  
  13  0:13  Overlord  
  13  0:17  Drone  
  14  0:31  Drone x2  
  16  0:51  Hatchery  
  16  0:53  Drone  
  16  0:56  Drone  
  17  1:00  Drone  
  18  1:11  Extractor  
  18  1:17  Spawning Pool  
  16  1:20  Drone  
  16  1:23  Drone  
  18  1:29  Drone  
  19  1:41  Drone  
  20  1:54  Overlord  
  20  2:04  Queen x2  
  20  2:05  Zergling x2  
  20  2:06  Zergling x2  
  26  2:16  Drone  
  26  2:17  Drone  
  28  2:28  Drone x2  
  30  2:40  Hatchery  
  29  2:45  Pneumatized Carapace  
  29  2:51  Metabolic Boost  
  29  2:54  Drone  
  30  2:59  Overlord  
  30  3:06  Drone x2  
  30  3:12  Queen  
  34  3:14  Drone  
  35  3:21  Overlord  
  35  3:23  Drone  
  35  3:24  Drone  
  35  3:26  Drone  
  38  3:31  Drone x2  
  40  3:40  Roach Warren  
  39  3:42  Drone x2  
  41  3:50  Queen  
  41  3:55  Drone x4  
  47  4:00  Drone  
  47  4:01  Drone x2  
  50  4:04  Drone, Extractor  
  50  4:05  Extractor  
  50  4:09  Drone x2  
  51  4:16  Drone  
  52  4:17  Overlord x2  
  52  4:20  Overlord  
  52  4:33  Overlord  
  52  4:34  Overlord  
  52  4:37  Roach x3  
  58  4:41  Roach  
  58  4:42  Roach  
  62  4:46  Roach x2  
  62  4:52  Roach x2  
  70  4:57  Roach x2  
  72  5:05  Roach x3  
  75  5:13  Roach x3  
  67  5:24  Roach x3  
Tags
 
Add a new tag
Caveats
  • Supply blocks, unpowered buildings, or Contaminate may cause inaccurate times.
  • Supply counts are checked every 10 seconds.